 Dungeon Crawl Stone Soup version 0.19.0-9-gfd783f2 (webtiles) character file.

2157 jerryfan the Cudgeler (level 9, -4/70 HPs)
             Began as a Yellow Draconian Wizard on Nov 5, 2016.
             Was a Believer of Sif Muna.
             Shot with a sling bullet by Joseph (7 damage)
             ... on level 7 of the Dungeon on Nov 7, 2016.
             The game lasted 00:46:00 (6834 turns).

jerryfan the Cudgeler (Yellow Draconian Wizard)     Turns: 6834, Time: 00:46:00

Health: -4/70      AC: 14    Str:  9    XL:     9   Next: 10%
Magic:  14/17      EV: 19    Int: 21    God:    Sif Muna [**....]
Gold:   394        SH:  0    Dex: 11    Spells: 4 memorised, 13 levels left

rFire  . . .     SeeInvis +     r - +4 mace (protect)
rCold  . . .     Gourm    .     (armour unavailable)
rNeg   . . .     Faith    .     (no shield)
rPois  .         Spirit   .     a - +0 hat
rElec  .         Reflect  .     (no cloak)
rCorr  +         Harm     .     (no gloves)
MR     .....                    (no boots)
Stlth  ++........               s - amulet of regeneration
                                N - ring of see invisible
                                l - +5 ring of evasion

@: protection aura
A: spit acid, acid resistance, unfitting armour, cold-blooded, AC +7
a: Spit Acid, Divine Energy, Renounce Religion


You were on level 7 of the Dungeon.
You worshipped Sif Muna.
Sif Muna was pleased with you.
You were not hungry.

You visited 2 branches of the dungeon, and saw 8 of its levels.
You also visited: Ossuary.

You collected 394 gold pieces.

Inventory:

Hand Weapons
 j - a +0 spear
 r - a +4 mace of protection (weapon)
 A - a +2 dagger of venom
 M - the +3 dagger of Teiwauti {pain, Str+2}
   (You found it on level 6 of the Dungeon)

   In the hands of one skilled in necromantic magic, it inflicts extra damage on
   living creatures.
   It affects your strength (+2).
Missiles
 d - 210 stones (quivered)
 Q - 3 large rocks
Armour
 a - a +0 hat (worn)
Jewellery
 l - a +5 ring of evasion (left hand)
 s - an amulet of regeneration (around neck)
 t - an uncursed ring of flight
 D - an uncursed ring of protection from cold
 E - an uncursed ring of protection from fire
 N - a ring of see invisible (right hand)
 S - an uncursed ring of resist corrosion
Wands
 y - a wand of flame (25/48)
 B - a wand of random effects (30/48)
 G - a wand of random effects (10/48)
 H - a wand of flame (19/48)
 J - a wand of lightning (5/15)
Scrolls
 e - a scroll of enchant armour {unknown}
 f - 2 scrolls of immolation
 k - a scroll of remove curse {unknown}
 m - 4 scrolls of identify
 n - a scroll of amnesia {unknown}
 v - a scroll of enchant weapon {unknown}
 x - 9 scrolls of magic mapping
 z - 3 scrolls of teleportation {unknown}
 K - a scroll of noise {unknown}
 L - 2 scrolls of recharging {unknown}
 T - a scroll of holy word {unknown}
 U - a scroll of fear {unknown}
Potions
 o - 2 potions of flight {unknown}
 p - a potion of lignification
 q - a potion of magic
 u - a potion of mutation {unknown}
 w - a potion of haste
 C - a potion of brilliance {unknown}
 F - a potion of cancellation {unknown}
 I - a potion of invisibility {unknown}
 O - a potion of berserk rage {unknown}
 P - 4 potions of curing
Books
 b - a book of Minor Magic

   Spells                             Type                      Level
   a - Magic Dart                     Conjuration                  1
   b - Blink                          Translocation                2
   c - Call Imp                       Summoning                    2
   d - Repel Missiles                 Charms/Air                   2
   e - Slow                           Hexes                        2
   f - Conjure Flame                  Conjuration/Fire             3
   g - Mephitic Cloud                 Conjuration/Poison/Air       3
 R - a book of Cantrips

   Spells                             Type                      Level
   a - Confusing Touch                Hexes                        1
   b - Animate Skeleton               Necromancy                   1
   c - Summon Small Mammal            Summoning                    1
   d - Apportation                    Translocation                1
Comestibles
 c - 7 bread rations
 g - a slice of pizza
 i - 7 meat rations
 V - 4 chunks of flesh


   Skills:
 + Level 3.4 Fighting
 + Level 6.8 Maces & Flails
 + Level 5.2 Dodging
 + Level 3.0 Stealth
 + Level 1.0 Unarmed Combat
 + Level 5.6 Spellcasting
 + Level 2.3 Conjurations
 + Level 2.9 Summonings
 + Level 1.5 Necromancy
 + Level 1.0 Translocations
 + Level 1.1 Evocations


You had 13 spell levels left.
You knew the following spells:

 Your Spells              Type           Power        Failure   Level  Hunger
a - Magic Dart            Conj           ###.         4%          1    None
b - Call Imp              Summ           ###.....     6%          2    None
c - Blink                 Tloc           N/A          12%         2    None
d - Animate Skeleton      Necr           N/A          8%          1    None


Dungeon Overview and Level Annotations

Branches:
Dungeon (7/15)             Temple (1/1) D:4

Altars:
Ashenzari
Cheibriados
Dithmenos
Elyvilon
Gozag
Hepliaklqana
Kikubaaqudgha
Makhleb
Nemelex Xobeh
Qazlal
Ru
Sif Muna
Trog
Uskayaw
Vehumet
Xom
Yredelemnul
Zin
The Shining One

Annotations:
D:7 Joseph


Innate Abilities, Weirdness & Mutations

You can spit globs of acid.
You are resistant to acid.
Your golden yellow scales are hard. (AC +7)
You cannot fit into any form of body armour.
You are cold-blooded and may be slowed by cold attacks.


Message History

Joseph hits you with an uncursed quarterstaff.
You barely miss Joseph.
Joseph is lightly wounded.
Joseph hits you with an uncursed quarterstaff!
You hit Joseph. You tail-slap Joseph, but do no damage.
Joseph is lightly wounded.
Joseph barely misses you.
You closely miss Joseph.
Joseph is lightly wounded.
Joseph hits you with an uncursed quarterstaff!
* * * LOW HITPOINT WARNING * * *
You have got your breath back.
Joseph unwields an uncursed quarterstaff.
Joseph wields an uncursed hunting sling.
Joseph shoots a sling bullet.
The sling bullet hits you!
* * * LOW HITPOINT WARNING * * *
There is an escape hatch in the ceiling, spattered with blood here.
You see here 3 sling bullets.
Joseph shoots a sling bullet.
The sling bullet hits you!
You die...

#..................#
#...........########
#..............
#..............
#.......###.....
#.......'.#.....
#.......#.#
#.......#.#
.........#@#
.........#)#
...######@# ... #'#
#......# #.........#
#...........#
............#
...≈≈≈≈≈....#


You could see Joseph.

Vanquished Creatures
  A cyclops (D:6)
  A hippogriff (D:7)
  An orc warrior (D:6)
  An ice beast (D:5)
  2 ogres
  A centaur (D:7)
  2 bullfrogs (D:6)
  2 scorpions
  A howler monkey (D:5)
  A bullfrog zombie (D:6)
  A jelly (D:7)
  2 hounds
  3 orc priests
  2 iguanas (D:5)
  A bullfrog skeleton (D:6)
  2 orc wizards (D:5)
  A gnoll shaman (D:6)
  Natasha (D:6)
  3 worker ants
  A hound zombie (D:5)
  A mummy (Ossuary)
  5 gnolls
  6 adders
  2 oozes
  An adder zombie (D:2)
  2 worms (D:6)
  2 dart slugs
  10 leopard geckos
  7 orcs
  3 ball pythons
  12 bats
  5 giant cockroaches
  9 goblins
  7 hobgoblins
  10 jackals
  4 quokkas
  2 frilled lizards (D:1)
  6 gnoll skeletons (Ossuary)
  2 jackal zombies (D:5)
  5 kobolds
  8 kobold skeletons (Ossuary)
  A leopard gecko skeleton (D:4)
  11 orc skeletons (Ossuary)
  5 rats
  A withered plant (D:2)
157 creatures vanquished.

Vanquished Creatures (collateral kills)
  A wraith (Ossuary)
  An orc wizard (D:6)
  Natasha (twice) (D:3)
  A howler monkey skeleton (D:6)
  An adder (D:6)
  2 gnolls (D:5)
  2 worms (D:3)
  2 orcs (D:4)
  A jackal (D:3)
  A bat (D:3)
14 creatures vanquished.

Grand Total: 171 creatures vanquished

Notes
Turn   | Place    | Note
-------+----------+-------------------------------------------
     0 | D:1      | jerryfan the Draconian Wizard began the quest for the Orb.
     0 | D:1      | Reached XP level 1. HP: 14/14 MP: 4/4
   568 | D:1      | Reached XP level 2. HP: 11/20 MP: 0/6
  1125 | D:1      | Reached XP level 3. HP: 26/26 MP: 1/7
  1991 | D:2      | Learned a level 2 spell: Call Imp
  2082 | D:2      | Reached skill level 1 in Unarmed Combat
  2219 | D:2      | Reached XP level 4. HP: 33/33 MP: 2/9
  2653 | D:3      | Found a sparkling altar of Nemelex Xobeh.
  2748 | D:3      | Reached skill level 1 in Maces & Flails
  3041 | D:3      | Noticed Natasha
  3069 | D:3      | Killed Natasha
  3242 | D:3      | Noticed Natasha
  3254 | D:3      | Killed Natasha
  3254 | D:3      | Reached XP level 5. HP: 20/39 MP: 3/11
  3574 | D:4      | Found a staircase to the Ecumenical Temple.
  3611 | Temple   | Entered the Ecumenical Temple
  3618 | Temple   | Became a worshipper of Sif Muna the Loreminder
  3812 | D:4      | Learned a level 2 spell: Blink
  3879 | D:4      | Noticed an ogre
  4034 | D:5      | Entered Level 5 of the Dungeon
  4048 | D:5      | Reached XP level 6. HP: 26/46 MP: 6/12
  4110 | D:5      | Reached skill level 1 in Fighting
  4110 | D:5      | Reached skill level 2 in Maces & Flails
  4644 | D:5      | Reached skill level 5 in Spellcasting
  4760 | D:5      | Reached skill level 3 in Maces & Flails
  4942 | D:5      | Upgraded the game from 0.19.0-2-gae57169 to 0.19.0-9-gfd783f2
  4954 | D:5      | Your scales start taking on a golden yellow colour.
  4954 | D:5      | Reached XP level 7. HP: 52/52 MP: 14/14
  5180 | D:6      | Got a twisted dagger
  5196 | D:6      | Identified the +3 dagger of Teiwauti {pain, Str+2} (You found it on level 6 of the Dungeon)
  5248 | D:6      | Found a sand-covered staircase.
  5253 | Ossuary  | Entered an ossuary
  5253 | Ossuary  | Noticed a wraith
  5253 | Ossuary  | Noticed a wraith
  5253 | Ossuary  | Noticed a wraith
  5271 | Ossuary  | Reached * piety under Sif Muna
  5319 | Ossuary  | Noticed a wraith
  5343 | Ossuary  | Killed a wraith
  5343 | Ossuary  | Reached skill level 4 in Maces & Flails
  5490 | D:6      | Reached skill level 1 in Evocations
  5490 | D:6      | Reached XP level 8. HP: 49/61 MP: 12/15
  5523 | D:6      | Reached skill level 5 in Maces & Flails
  5546 | D:6      | Noticed Natasha
  5549 | D:6      | Noticed a cyclops
  5793 | D:6      | Killed Natasha
  5866 | D:6      | Found a shattered altar of Ashenzari.
  5978 | D:6      | Learned a level 1 spell: Animate Skeleton
  6329 | D:6      | Killed a cyclops
  6329 | D:6      | Reached skill level 6 in Maces & Flails
  6353 | D:7      | Reached skill level 5 in Dodging
  6430 | D:7      | Found a white marble altar of Elyvilon.
  6659 | D:7      | Found an ancient bone altar of Kikubaaqudgha.
  6748 | D:7      | Reached skill level 1 in Necromancy
  6792 | D:7      | Noticed a hippogriff
  6815 | D:7      | Noticed Joseph
  6817 | D:7      | Killed a hippogriff
  6817 | D:7      | Reached ** piety under Sif Muna
  6817 | D:7      | Reached XP level 9. HP: 36/70 MP: 11/17
  6833 | D:7      | HP: 3/70 [Joseph/sling bullet (10)]
  6834 | D:7      | Shot with a sling bullet by Joseph

Skill      XL: |  1  2  3  4  5  6  7  8 |
---------------+-------------------------+-----
Dodging        | 2 3 5 |  5.2
Stealth        | 2 3 |  3.0
Unarmed Combat | 1 |  1.0
Conjurations   | 2 |  2.3
Maces & Flails | 1 3 4 6 |  6.8
Spellcasting   | 4 5 |  5.6
Fighting       | 1 2 3 |  3.4
Summonings     | 2 |  2.9
Evocations     | 1 |  1.1
Necromancy     | 1 |  1.5
Translocations | |  1.0

Action                   |  1- 3 |  4- 6 |  7- 9 || total
-------------------------+-------+-------+-------++-------
Melee: Unarmed           |    48 |       |       ||    48
       Tailslap          |     5 |     9 |    20 ||    34
       Spear             |    58 |       |       ||    58
       Mace              |    11 |   150 |   214 ||   375
       Punch             |       |     1 |     1 ||     2
 Cast: Magic Dart        |    85 |    55 |     6 ||   146
       Call Imp          |       |    18 |     9 ||    27
       Animate Skeleton  |       |       |     5 ||     5
 Abil: Spit Acid         |       |       |     7 ||     7
Evoke: Wand              |       |     2 |    11 ||    13
  Use: Potion            |     1 |     1 |     6 ||     8
       Scroll            |       |     9 |     3 ||    12
 Stab: Sleeping          |     1 |     2 |     2 ||     5
  Eat: Chunk             |     4 |     8 |     6 ||    18
       Beef jerky        |       |     1 |     1 ||     2
Armor: Skin              |    50 |    34 |    62 ||   146
Dodge: Dodged            |   161 |   148 |   245 ||   554
